 Dungeon Crawl Stone Soup version bcrawl-1.20.1 (webtiles) character file.

Game seed: 9875318636298293016

47 Freyura the Skirmisher (level 3, -14/29 HPs)
             Began as a Demonspawn Abyssal Knight on Jan 25, 2020.
             Was a Follower of Lugonu.
             Demolished by Crazy Yiuf
             ... wielding a +4 quarterstaff of chaos
              (19 damage)
             ... on level 2 of the Dungeon.
             The game lasted 00:04:53 (2093 turns).

Freyura the Skirmisher (Demonspawn Abyssal Knight)  Turns: 2093, Time: 00:04:54

Health: -14/29     AC:  4    Str: 12    XL:     3   Next: 48%
Magic:  5/5        EV: 11    Int: 13    God:    Lugonu [*.....]
Gold:   188        SH:  0    Dex: 13    Spells: 2/2 levels left

rFire    . . .     SeeInvis .   a - +1 mace
rCold    . . .     Gourm    .   (no shield)
rNeg     . . .     Faith    .   b - +0 leather armour
rPois    .         Spirit   .   (no helmet)
rElec    .         Reflect  .   g - +0 cloak
rCorr    .         Harm     .   (no gloves)
MR       .....                  (no boots)
Stlth    ++........             (no amulet)
HPRegen  0.09/turn              (no ring)
MPRegen  0.09/turn              (no ring)

@: hasted, very quick
A: claws 1, nightstalker 1
a: Depart the Abyss, Bend Space, Renounce Religion


You were on level 2 of the Dungeon.
You worshipped Lugonu.
Lugonu was aware of your devotion.
You were not hungry.

You visited 1 branch of the dungeon, and saw 2 of its levels.
You visited the Abyss 1 time.

You collected 188 gold pieces.

Inventory:

Hand Weapons
 a - a +1 mace (weapon)
Missiles
 c - 10 tomahawks of dispersal (quivered)
 d - 234 stones
Armour
 b - a +0 leather armour (worn)
 g - a +0 cloak (worn)
Scrolls
 i - a scroll of enchant armour {unknown}
 j - a scroll of teleportation {unknown}
 l - 2 scrolls of identify {unknown}
 o - a scroll of magic mapping {unknown}
 q - a scroll of amnesia {unknown}
Potions
 f - 2 potions of cancellation {unknown}
 h - a potion of heal wounds {unknown}
 k - a potion of brilliance {unknown}
 m - a potion of degeneration {unknown}
 n - a potion of flight {unknown}
 p - a potion of mutation {unknown}
 r - a potion of curing {unknown}
 s - a potion of lignification {unknown}
Comestibles
 e - 3 rations {!d}
 t - 2 chunks of flesh


   Skills:
 + Level 3.3 Fighting
 * Level 2.5 Maces & Flails
 - Level 0.8 Throwing
 + Level 2.2 Armour
 + Level 1.3 Dodging
 + Level 3.2 Invocations


You had 2 spell levels left.
You didn't know any spells.
Your spell library was empty.

Dungeon Overview and Level Annotations

Branches:
Dungeon (2/12)

Altars:
Makhleb

Annotations:
D:2 Crazy Yiuf


Innate Abilities, Weirdness & Mutations

You have sharp fingernails.
You are slightly more attuned to the shadows.


Message History

There is an open door here.
Crazy Yiuf closely misses you.
You completely miss Crazy Yiuf.
Crazy Yiuf laughs, "Two pontify cloud!"
Crazy Yiuf hits you with a +4 quarterstaff of chaos!
You suddenly lose the ability to move!
Crazy Yiuf hits you with a +4 quarterstaff of chaos!
You feel yourself speed up.
You can move again.
You barely miss Crazy Yiuf. You hit Crazy Yiuf.
Crazy Yiuf is lightly wounded.
Crazy Yiuf closely misses you.
You hit Crazy Yiuf.
Crazy Yiuf is heavily wounded.
Crazy Yiuf hits you with a +4 quarterstaff of chaos.
* * * LOW HITPOINT WARNING * * *
You are electrocuted!!
Ouch! That really hurt!
You die...

........#.......'.........'......
#.######.#...####.........####...
#.# ###..## ##.......## #).#
#.#### #.## ######### #.##
.....#####.# #.## #.##.#.....#
#... #.# #.###.# ##### ♣♣########
..# #.# #.# #)).#♣♣ ♣♣....#####
### #.# #.# #.g@'.♣♣♣♣PP......##
# #.# ### #..)#♣).♣.P....##.## .
#.# #####♣♣♣)♣.P..###.## ##
#.##### ♣♣♣♣♣##...... #.....#
#..#.## ####### ### #######..#.#
#.# #.#......#.#
#.####.#........#
#........########


You could see Crazy Yiuf.

Vanquished Creatures
  A worm (D:2)
  A dart slug (D:1)
  4 leopard geckos
  An orc (D:2)
  6 bats
  6 goblins
  6 hobgoblins
  2 jackals (D:2)
  6 kobolds
  A rat (D:1)
34 creatures vanquished.

Notes
Turn   | Place    | Note
-------+----------+-------------------------------------------
     0 | Abyss:1  | Freyura the Demonspawn Abyssal Knight began the quest for
                  | the Orb.
     0 | Abyss:1  | Reached XP level 1. HP: 18/18 MP: 2/2
    54 | Abyss:1  | Noticed a smoke demon
    57 | D:1      | Escaped the Abyss
   215 | D:1      | Reached skill level 1 in Dodging
   225 | D:1      | Reached * piety under Lugonu
   364 | D:1      | Gained mutation: You have sharp fingernails. [demonic
                  | ancestry]
   364 | D:1      | Reached XP level 2. HP: 24/24 MP: 4/4
  1376 | D:2      | Gained mutation: You are slightly more attuned to the
                  | shadows. [demonic ancestry]
  1376 | D:2      | Reached XP level 3. HP: 29/29 MP: 5/5
  2022 | D:2      | Found a burning altar of Makhleb.
  2082 | D:2      | Found a runed door.
  2086 | D:2      | Noticed Crazy Yiuf
  2089 | D:2      | Paralysed by Crazy Yiuf for 2 turns
  2093 | D:2      | Demolished by Crazy Yiuf

Skill      XL: |  1  2 |
---------------+-------+-----
Dodging        | 1 |  1.3
Maces & Flails | 2 |  2.5
Invocations    | 3 |  3.2
Armour         | 2 |  2.2
Fighting       | |  3.3
Throwing       | |  0.8

Action                   || total
-------------------------++-------
Melee: Mace              ||   119
Invok: Depart the Abyss  ||     1
 Stab: Sleeping          ||     2
  Eat: Chunk             ||     4
Armor: Leather armour    ||    60
Dodge: Dodged            ||   106
